 Dungeon Crawl Stone Soup version 0.28-a0-1555-g9ae15a6949 (webtiles) character file.

Game seed: 10848738684060564090

696 HallandMoats the Cleaver (level 7, -2/69 HPs)
             Began as a Ghoul Monk on Jan 18, 2022.
             Slain by an orc warrior (12 damage)
             ... on level 4 of the Dungeon.
             The game lasted 00:06:18 (4459 turns).

HallandMoats the Cleaver (Ghoul Monk)               Turns: 4459, Time: 00:06:19

Health: -2/69      AC:  7    Str: 17    XL:     7   Next: 64%
Magic:  6/6        EV: 10    Int:  5    God:
Gold:   117        SH:  5    Dex: 11    Spells: 6/6 levels left

rFire   . . .      SeeInvis .   f - +3 whip
rCold   + + +      Faith    .   (no shield)
rNeg    + + +      Spirit   .   m - +0 scale mail
rPois   ∞          Reflect  +   (no helmet)
rElec   .          Harm     .   h - +0 cloak
rCorr   .          Rampage  .   (no gloves)
Will    .....                   (no boots)
Stlth   ..........              i - amulet of reflection
HPRegen 0.00/turn               j - ring of protection from cold
MPRegen 0.10/turn               p - ring of protection from cold

@: inhibited regen
A: claws 1, cold resistance 1, negative energy resistance 3, inhibited
regeneration, torment resistance 2
a: no special abilities


You were on level 4 of the Dungeon.
You visited 1 branch of the dungeon, and saw 4 of its levels.

You collected 117 gold pieces.

Inventory:

Hand Weapons
 a - a +0 hand axe
 f - a +3 whip (weapon)
Armour
 h - a +0 cloak (worn)
 m - a +0 scale mail (worn)
Jewellery
 i - an amulet of reflection (around neck)
 j - a ring of protection from cold (left claw)
 p - a ring of protection from cold (right claw)
Wands
 s - a wand of polymorph (4)
Scrolls
 k - 2 scrolls of teleportation
 n - a scroll of fog {unknown}
 o - 2 scrolls of immolation
 r - 3 scrolls of vulnerability {unknown}
Potions
 c - a potion of attraction {unknown}
 d - a potion of cancellation {unknown}
 e - a potion of heal wounds {unknown}
 g - a potion of lignification
 l - a potion of haste {unknown}
 q - a potion of brilliance {unknown}


   Skills:
 + Level 8.4 Fighting
 * Level 9.6 Axes
 + Level 2.2 Armour
 + Level 3.7 Dodging
 - Level 2.1 Stealth


You had 6 spell levels left.
You didn't know any spells.
Your spell library contained the following spells:

 Spells                   Type           Power      Damage    Failure   Level
 Conjure Flame            Conj/Fire      0%         6-21      99%         3
 Ignite Poison            Fire/Tmut/Pois 0%         N/A       99%         3
 Sticky Flame             Conj/Fire      0%         2d3       100%        4


Dungeon Overview and Level Annotations

Branches:
Dungeon (4/15)
 Temple: D:4-7

Altars:
Wu Jian
Zin

Shops:
D:3 *


Innate Abilities, Weirdness & Mutations

You thrive by killing the living.
You are immune to poison.
You have sharp fingernails.
Your flesh is cold resistant. (rC+)
You are immune to negative energy. (rN+++)
You do not regenerate when monsters are visible.
You are immune to unholy pain and torment.


Message History

Wisps of shadow whirl around you...
The orc warrior closely misses your hobgoblin.
What are your orders? t - Shout!
Orders for allies: a - Attack new target. r - Retreat! s - Stop attacking. g - Guard the area. f - Follow me.
Anything else - Cancel.
Gang up on whom?
Press: ? - help, Dir - move target, f - orc warrior
Aim: an orc warrior, wielding a +0 glaive and wearing a +0 plate armour (ally target) Attack!
The orc warrior misses your hobgoblin.
Your hobgoblin closely misses the orc warrior.
The orc warrior hits you from afar with a +0 glaive!!
Your kobold hits the orc warrior with a +0 club.
Your hobgoblin hits the orc warrior but does no damage.
The orc warrior hits you from afar with a +0 glaive!
Your kobold barely misses the orc warrior.
Your hobgoblin completely misses the orc warrior.
The orc warrior closely misses you.
Your goblin unwields a +0 club.
Your goblin wields a +0 hunting sling.
Your goblin shoots a stone.
The stone barely misses the orc warrior.
Your hobgoblin hits the orc warrior but does no damage.
You closely miss the orc warrior.
The orc warrior is lightly wounded.
The orc warrior hits you with a +0 glaive!!
* * * LOW HITPOINT WARNING * * *
Your kobold barely misses the orc warrior.
Your hobgoblin barely misses the orc warrior.
Your goblin shoots a stone.
The stone hits the orc warrior.
The orc warrior hits you from afar with a +0 glaive!
* * * LOW HITPOINT WARNING * * *
Your kobold hits the orc warrior but does no damage.
Your hobgoblin barely misses the orc warrior.
Your goblin shoots a stone.
The stone barely misses the orc warrior.
Your hobgoblin hits the orc warrior but does no damage.
The orc warrior hits you from afar with a +0 glaive!
You die...

#.....# ###....#.##.#.......#
........ #.?.............#..##
.......## ##.................#
........ ##..[.............###
.......## #...................#
.......#####..................##
........#.#......$..........###
......Ko.............#.### .#
####..gg.@....#...>......# # ..
#..........##.>..#...## #. #.
####....÷##.####....#...#
..#.###..#.....#...##.....)...#
............).......#...##.....##
.####.....#.)<..#.#.....##......#
...##....####[....#.....#...#..##
..........##......# #.......####
..........###.....# #..##.###


You could see an orc warrior (ally target), a friendly hobgoblin (summoned), a
friendly goblin (summoned) and a friendly kobold (summoned).

Vanquished Creatures
  Grinder (D:3)
  The ghost of psuckher the Conjurer, an amateur DrCj (D:3)
  4 orc priests
  Terence (D:3)
  3 gnolls
  3 adders
  A white imp (D:3)
  4 worms
  A dart slug (D:2)
  17 orcs
  2 bats
  8 endoplasms
  7 goblins
  7 hobgoblins
  A jackal (D:4)
  3 quokkas
  5 ball pythons
  4 frilled lizards
  7 kobolds
  6 rats
86 creatures vanquished.

Notes
Turn   | Place    | Note
-------+----------+-------------------------------------------
     0 | D:1      | HallandMoats the Ghoul Monk began the quest for the Orb.
     0 | D:1      | Reached XP level 1. HP: 19/19 MP: 0/0
   357 | D:1      | Reached XP level 2. HP: 26/26 MP: 1/1
   478 | D:1      | Reached skill level 3 in Axes
  1091 | D:1      | Found a faded altar of an unknown god.
  1231 | D:2      | Reached XP level 3. HP: 22/31 MP: 2/2
  1441 | D:2      | Reached skill level 1 in Armour
  1559 | D:2      | Found an ornate altar of the Wu Jian Council.
  1824 | D:3      | Reached XP level 4. HP: 37/40 MP: 3/3
  2226 | D:3      | Noticed Terence
  2269 | D:3      | Reached skill level 9 in Axes
  2269 | D:3      | Reached XP level 5. HP: 15/53 MP: 4/4
  2271 | D:3      | Killed Terence
  2272 | D:3      | Reached XP level 6. HP: 10/61 MP: 5/5
  2545 | D:3      | Found Zin's Purification Station.
  2886 | D:3      | Noticed Grinder
  2896 | D:3      | Paralysed by Grinder for 5 turns
  2916 | D:3      | Paralysed by Grinder for 6 turns
  2927 | D:3      | Killed Grinder
  2928 | D:3      | Reached XP level 7. HP: 56/69 MP: 6/6
  2990 | D:3      | Found a runed translucent door.
  2991 | D:3      | Noticed psuckher's ghost (amateur DrCj)
  3675 | D:4      | Noticed Eustachio
  3931 | D:3      | Killed psuckher's ghost
  4146 | D:4      | Noticed Eustachio
  4146 | D:4      | Eustachio changed into Eustachio the worm
  4153 | D:4      | Killed Eustachio the worm
  4459 | D:4      | Slain by an orc warrior

Illustrated notes

Levels and vault maps discovered:
D:1:      sevenhm_arrival_forest_fort_small_4, layout_loops_ring,
          basic_ecumenical_altar
D:2:      layout_basic, basic_altar
D:3:      layout_rooms, zin_purify, ebering_ghost_inner_flame, uniq_grinder,
          uniq_terence
D:4:      layout_cave_pools, lemuel_mausoleum_altar_yredelemnul, uniq_eustachio,
          uniq_menkaure

Skill      XL: |  1  2  3  4  5  6 |
---------------+-------------------+-----
Axes           | 3 9 |  9.6
Dodging        | 3 |  3.7
Armour         | 1 2 |  2.2
Fighting       | 8 |  8.4
Stealth        | |  2.1

Action                   |  1- 3 |  4- 6 |  7- 9 || total
-------------------------+-------+-------+-------++-------
Melee: Hand axe          |   108 |   135 |    14 ||   257
       Punch             |     2 |       |     3 ||     5
       Whip              |       |       |    93 ||    93
Evoke: Wand              |       |       |     2 ||     2
  Use: Potion            |       |     2 |       ||     2
       Scroll            |       |     3 |     1 ||     4
Armor: Robe              |     3 |       |       ||     3
       Ring mail         |    14 |       |       ||    14
       Scale mail        |     7 |    30 |    22 ||    59
Dodge: Dodged            |    51 |    51 |    45 ||   147
Block: Other             |    23 |    36 |    19 ||    78
       Reflection        |     1 |     1 |     2 ||     4

Table legend: (Time is in decaauts)
 A = Elapsed time spent in this place.
 B = Non-inter-level travel time spent in this place.
 C = Inter-level travel time spent in this place.
 D = Time resting spent in this place.
 E = Time spent auto-exploring this place.
 F = Levels seen in this place.
 G = Mean time per level.
                   A        B        C        D        E       F      G
               +--------+--------+--------+--------+--------+-----+--------+
         Total |   4456 |   4385 |     71 |    786 |   2698 |   4 | 1114.0 |
       Dungeon |   4456 |   4385 |     71 |    786 |   2698 |   4 | 1114.0 |
               +--------+--------+--------+--------+--------+-----+--------+

Top non-repeatable levels by time:
     D:3: 2397 daAuts
     D:1: 1206 daAuts
     D:2: 610 daAuts
     D:4: 243 daAuts
